General information
			
			
        
        - name: BNet
 
        - type: Ladder team game (AT/RT)
 
        - host: Battle.net
 
        - saver: Lt.Blunderbuzz
 
        
map: TwistedMeadows 
        - players: 4
 
        - length: 04:24
 
        - speed: Fast
 - version: 1.22 W3XP
 - replay type:  Public
 
» download(18 KB)
Players
        team 1 (loser) 
              
              
galev (
yellow | 26 APM | 115 actions | 04:22)
              
 1 Dreadlord 
 1 Sleep
 
                » actions 
                
                | Assign group hotkey | 2 |  | 
| Build / train | 16 |  | 
| Enter build submenu | 6 |  | 
| Enter hero's abilities submenu | 1 |  | 
| Right click | 41 |  | 
| Select / deselect | 39 |  | 
| Select group hotkey | 2 |  | 
| Use ability | 8 |  | 
                115 total
 » units 
                » buildings
                
                | Altar of Darkness | 1 |  | 
| Ziggurat | 2 |  | 
| Crypt | 2 |  | 
                5 total
 » build order
                00:14 Altar of Darkness
00:17 Ziggurat
00:38 Crypt
01:05 Ziggurat
04:03 Crypt
 
               
              
              
zottel88 (
green | 17 APM | 68 actions | 04:06)
              
 1 Far Seer 
 1 Feral Spirit
 
                » actions 
                
                | Build / train | 13 |  | 
| Enter build submenu | 4 |  | 
| Enter hero's abilities submenu | 1 |  | 
| Remove unit from queue | 1 |  | 
| Right click | 15 |  | 
| Select / deselect | 29 |  | 
| Use ability | 5 |  | 
                68 total
 » units 
                » buildings
                
                | Altar of Storms | 1 |  | 
| Barracks | 1 |  | 
| Orc Burrow | 1 |  | 
| War Mill | 1 |  | 
                4 total
 » build order
                00:10 Altar of Storms
00:14 Barracks
00:17 Orc Burrow
02:07 War Mill
 
               team 2 (winner) 
              
              
lordpwnage (
orange | 69 APM | 302 actions | 04:23)
              
 1 Archmage 
 1 Summon Water Elemental
 
                » actions 
                
                | Assign group hotkey | 2 |  | 
| Basic commands | 16 |  | 
| Build / train | 15 |  | 
| Enter build submenu | 10 |  | 
| Enter hero's abilities submenu | 1 |  | 
| Right click | 171 |  | 
| Select / deselect | 71 |  | 
| Select group hotkey | 1 |  | 
| Use ability | 15 |  | 
                302 total
 » units 
                » buildings
                
                | Altar of Kings | 1 |  | 
| Farm | 2 |  | 
| Scout Tower | 5 |  | 
| Lumber Mill | 1 |  | 
| Arcane Tower | 1 |  | 
| Guard Tower | 1 |  | 
                11 total
 » build order
                00:06 Altar of Kings
00:08 Farm
01:13 Farm
01:45 Scout Tower
01:51 Lumber Mill
02:15 Arcane Tower
03:30 Scout Tower
03:32 Scout Tower
03:34 Scout Tower
04:00 Scout Tower
04:12 Guard Tower
 
               
              
              
Lt.Blunderbuzz (
red | 89 APM | 390 actions | 04:24)
              
 1 Death Knight 
 1 Death Coil
 
                » actions 
                
                | Assign group hotkey | 5 |  | 
| Basic commands | 9 |  | 
| Build / train | 15 |  | 
| ESC pressed | 1 |  | 
| Enter build submenu | 10 |  | 
| Enter hero's abilities submenu | 1 |  | 
| Right click | 232 |  | 
| Select / deselect | 68 |  | 
| Select group hotkey | 28 |  | 
| Use ability | 21 |  | 
                390 total
 » units 
                » buildings
                
                | Altar of Darkness | 1 |  | 
| Crypt | 1 |  | 
| Ziggurat | 4 |  | 
| Necropolis | 1 |  | 
| Tomb of Relics | 1 |  | 
                8 total
 » build order
                00:09 Altar of Darkness
00:12 Crypt
00:29 Ziggurat
00:48 Necropolis
01:06 Tomb of Relics
02:54 Ziggurat
02:56 Ziggurat
03:19 Ziggurat
» items
                 
                Chat log
          (00:15 / Allies) lordpwnage: gotta do first base you come to
(00:19 / Allies) Lt.Blunderbuzz: yes
(00:28 / Allies) lordpwnage: enough gold?
(00:30 / Allies) Lt.Blunderbuzz: yep
(00:32 / Allies) lordpwnage: ok
(00:38 / Allies) Lt.Blunderbuzz: mo
(00:39 / Allies) Lt.Blunderbuzz: 100
(00:40 / Allies) Lt.Blunderbuzz: fast
(00:46 / Allies) lordpwnage: in their base
(00:48 / Allies) lordpwnage: then run aco around
(00:51 / Allies) lordpwnage: excellent
(00:55 / Allies) lordpwnage: i send
(01:01 / Allies) lordpwnage: distraction peasant
(01:21 / Allies) lordpwnage: lol
(01:24 / Allies) lordpwnage: excellent
(01:25 / Allies) lordpwnage: run away
(01:26 / Allies) lordpwnage: run away
(01:29 / Allies) lordpwnage: excellent
(01:35 / Allies) lordpwnage: mili coming
(01:44 / Allies) Lt.Blunderbuzz: tower
(01:46 / Allies) Lt.Blunderbuzz: distract
(01:54 / Allies) Lt.Blunderbuzz: ok
(01:56 / Allies) Lt.Blunderbuzz: nearly there
(02:18 / Allies) Lt.Blunderbuzz: repair necro
(03:02 / Allies) lordpwnage: surr
(03:19 / Allies) lordpwnage: now kill hq
(03:22 / Allies) Lt.Blunderbuzz: am
(03:23 / Allies) Lt.Blunderbuzz: care
(03:29 / Allies) Lt.Blunderbuzz: tower
(04:02 / Allies) lordpwnage: so good
(04:09 / Allies) Lt.Blunderbuzz: rofl
(04:14 / Allies) lordpwnage: ahaha
(04:18 / Allies) lordpwnage: oh man